 Dungeon Crawl Stone Soup version 0.31-a0-978-g1e143483b6 (webtiles) character file.

Game seed: 16627972334589256033

0 ytrimaz the Ruffian (level 1, -1/13 HPs)
             Began as an Octopode Shapeshifter on Oct 30, 2023.
             Slain by a kobold
             ... wielding a +0 club
              (5 damage)
             ... on level 1 of the Dungeon.
             The game lasted 00:00:09 (54 turns).

ytrimaz the Ruffian (Octopode Shapeshifter)           Turns: 54, Time: 00:00:10

Health: -1/13      AC:  1    Str: 13    XL:     1   Next: 10%
Magic:  1/1        EV: 13    Int: 12    God:
Gold:   0          SH:  0    Dex: 11    Spells: 0/0 levels left

rFire   . .          .
                       - Unarmed
rCold   . . .        (no shield)
rNeg    . . .        (helmet currently unavailable)
rPois   .            (no amulet)
rElec   .            (no ring)
rCorr   .            (no ring)
SInv    .            (no ring)
Will    .....        (no ring)
Stlth   ++           (no ring)
HPRegen 0.22/turn    (no ring)
MPRegen 0.07/turn    (no ring)
                     (no ring)

%: no passive effects
@: beast-form
A: beast (slay +1), almost no armour, amphibious, 8 rings, camouflage 1,
gelatinous body 1, (nimble swimmer 1), tentacles
a: Begin Untransformation


You were on level 1 of the Dungeon.
You were a hulking beast.
You visited 1 branch of the dungeon, and saw 1 of its levels.


Innate Abilities, Weirdness & Mutations

You are a hulking beast.
Your limbs bulge with bestial killing power. (Slay +1)
You cannot wear most types of armour.
You are amphibious.
You can wear up to eight rings at the same time.
Your skin changes colour to match your surroundings (Stealth+).
Your rubbery body absorbs attacks. (AC +1, EV +1)
((You are camouflaged when in or above water. (Stealth+)))
You have tentacles for arms and can constrict up to eight enemies at once.


   Skills:
 - Level 1.0 Fighting
 + Level 2.0 Dodging
 * Level 0.2 Stealth
 - Level 3.0 Unarmed Combat
 - Level 3.0 Shapeshifting


You couldn't memorise any spells.
You didn't know any spells.
Your spell library was empty.

Inventory:

Talismans
 b - a beast talisman
 c - a flux talisman
Scrolls
 d - a scroll of poison {unknown}
Potions
 a - a potion of lignification

Dungeon Overview and Level Annotations

Branches:
Dungeon (1/15) Zot: 5945

Altars:

♣♣♣♣...# ... ⌠......#
)... ♣♣♣♣...# #####....
#...# #........ ♣♣##...#
#........ .......#
#..>..... ###.#..#
#........
###...##########........
...............Kh.......
###..#######...b........
##....## ####.........
####.)####...........
##......#.........
###........###...
.#..#...# ... ##..#..#
.. .#...


You could see a bat and a kobold.


Message History

🤖 Initializing magus.rc ...
Options error: Delay interrupt name "hungry" not recognised. (~/.crawlrc:4375) Bad monster_list_colour key: strict_neutral Options error: Unknown color in colour mapping: 'purle:scroll.*immolation' Bad channel name 'pray' for runrest: 'pray:' Options error: Missing colour in message_colour setting: 'that.*feels deathly cold' Options error: Missing colour in message_colour setting: 'and you must be Full or above to equip it' Options error: Missing colour in message_colour setting: 'but rights himself reflexively soon after' Options error: Missing colour in message_colour setting: 'before it is too late' ✅ Successfully initialized magus.rc [v1.9.6] Welcome, ytrimaz the Octopode Shapeshifter.
It is said that the Orb of Zot exists deep within this dungeon.
Press ? for a list of commands and other information.
Found a staircase leading out of the dungeon.
There is a fountain of clear blue water here.
A kobold comes into view. It is wielding a +0 club.
A kobold is nearby!
A kobold is nearby!
A kobold is nearby!
The kobold barely misses you.
You closely miss the kobold. Your grab misses the kobold.
The kobold completely misses you.
The kobold hits you with a +0 club. 😕 HP[-2]
You take 2 damage, and now have 11/13 hp.
You tentacle-slap the kobold.
You kill the kobold! 😕 HP[+1] No target in view!
Unknown command.
No target in view!
Things that are here:
a +0 club; a kobold corpse
d - a scroll labelled LOUGUI MITAUKH 😎 HP[+1]
Your hp is fully restored (13).
A bat comes into view.
A bat is nearby!
A bat is nearby!
A bat is nearby!
A kobold comes into view. It is wielding a +0 club.
Found a stone staircase leading down.
The kobold hits you with a +0 club. 😕 HP[-3]
You take 3 damage, and now have 10/13 hp.
MASSIVE DAMAGE!! (PAUSE)
You closely miss the kobold. Your grab misses the kobold.
Your squeeze misses the kobold.
The kobold hits you with a +0 club. 😮 HP[-3]
You take 3 damage, and now have 7/13 hp.
MASSIVE DAMAGE!! (PAUSE)
You tentacle-slap the kobold but do no damage.
Your grab misses the kobold. The bat hits you.
* * * LOW HITPOINT WARNING * * *
You are too injured to fight recklessly!
The bat barely misses you. The bat closely misses you.
The kobold closely misses you. 😨 HP[-1]
You take 1 damage, and now have 6/13 hp.
You are too injured to fight recklessly!
The bat hits you but does no damage. 😮 HP[+1] Unknown command.
You tentacle-slap the bat. You grab the bat. Your squeeze misses the bat.
You constrict the bat, but do no damage.
The bat misses you.
The bat struggles to escape constriction.
The bat escapes!
The bat misses you. The kobold hits you with a +0 club.
* * * LOW HITPOINT WARNING * * *
😱 HP[-4]
You take 4 damage, and now have 3/13 hp.
MASSIVE DAMAGE!! (PAUSE)
You tentacle-slap the kobold. Your grab misses the kobold.
Your tentacle-slap misses the kobold.
The bat closely misses you. The kobold hits you but does no damage.
The bat hits you but does no damage.
You tentacle-slap the kobold but do no damage.
You grab the kobold. You constrict the kobold. The bat closely misses you.
The kobold hits you with a +0 club.
You die...

Action                     || total
---------------------------++-------
  Melee: Unarmed           ||     7
         Constrict         ||     2
 Armour: Skin              ||     9
  Dodge: Dodged            ||     9

Levels and vault maps discovered:
D:1:      scummos_arrival_forest, layout_rooms, basic_ecumenical_altar

Notes
Turn   | Place    | Note
-------+----------+-------------------------------------------
     0 | D:1      | ytrimaz the Octopode Shapeshifter began the quest for the
                  | Orb.
     0 | D:1      | Reached XP level 1. HP: 13/13 MP: 1/1
     0 | D:1      | magus.rc [v1.9.6]
    52 | D:1      | HP: 3/13 [kobold/+0 club (4)]
    54 | D:1      | Slain by a kobold

Vanquished Creatures
  A kobold (D:1)
1 creature vanquished.

Table legend:
 A = Non-vault XP
 B = Vault XP
 C = Vault XP percentage of total XP
 D = Non-vault monster count
 E = Vault monster count
 F = Vault count percentage of total count
                 A         B        C        D         E       F
            +---------+---------+-------+---------+---------+-------
      Total |       1 |       0 |   0.0 |       1 |       0 |   0.0
            +---------+---------+-------+---------+---------+-------
        D:1 |       1 |       0 |   0.0 |       1 |       0 |   0.0
            +---------+---------+-------+---------+---------+-------

Action                     || total
---------------------------++-------
  Melee: Unarmed           ||     7
         Constrict         ||     2
 Armour: Skin              ||     9
  Dodge: Dodged            ||     9

Illustrated notes

Table legend:
 A = Kills in this place as a percentage of kills in the entire game.
 B = Kills by you in this place as a percentage of kills by you in the entire game.
 C = Kills by friends in this place as a percentage of kills by friends in the entire game.
 D = Other kills in this place as a percentage of other kills in the entire game.
 E = Experience gained in this place as a percentage of experience gained in the entire game.
 F = Experience gained in this place divided by the number of levels of this place that you have seen.
                   A       B       C       D       E      F
               +-------+-------+-------+-------+-------+----------------------
         Total | 100.0 | 100.0 |   N/A |   N/A | 100.0 |   1.0
       Dungeon | 100.0 | 100.0 |   N/A |   N/A | 100.0 |   1.0
               +-------+-------+-------+-------+-------+----------------------

Table legend: (Time is in decaauts)
 A = Elapsed time spent in this place.
 B = Non-inter-level travel time spent in this place.
 C = Inter-level travel time spent in this place.
 D = Time resting spent in this place.
 E = Time spent auto-exploring this place.
 F = Levels seen in this place.
 G = Mean time per level.
                   A        B        C        D        E       F      G
               +--------+--------+--------+--------+--------+-----+--------+
         Total |     53 |     53 |      0 |      0 |     32 |   1 |   53.0 |
       Dungeon |     53 |     53 |      0 |      0 |     32 |   1 |   53.0 |
               +--------+--------+--------+--------+--------+-----+--------+

Top non-repeatable levels by time:
     D:1: 53 daAuts
